 Seeded DCSS version 0.30.1-11-g7821555f0a (webtiles) character file.

Game seed: 5129858224507802926 (custom seed)

73 Psyclone the Conjurer (level 4, 26/26 HPs)
             Began as a Deep Elf Conjurer on Nov 8, 2023.
             Quit the game on level 2 of the Dungeon.
             The game lasted 00:01:36 (2954 turns).

Psyclone the Conjurer (Deep Elf Conjurer)           Turns: 2954, Time: 00:01:37

Health: 26/26      AC:  2    Str:  4    XL:     4   Next: 8%
Magic:  12/12      EV: 12    Int: 25    God:
Gold:   96         SH:  0    Dex: 13    Spells: 8/11 levels left

rFire   . . .        (no weapon)
rCold   . . .        (no shield)
rNeg    . . .        a - +0 robe
rPois   .            (no helmet)
rElec   .            (no cloak)
rCorr   .            (no gloves)
SInv    .            (no boots)
Will    .....        (no amulet)
Stlth   ++           (no ring)
HPRegen 0.24/turn    (no ring)
MPRegen 0.13/turn

%: clarity
@: no status effects
A: clarity, robust 1, evolution 1, sturdy frame 1
a: no special abilities


You were on level 2 of the Dungeon.
You visited 1 branch of the dungeon, and saw 2 of its levels.

You collected 96 gold pieces.

Inventory:

Armour
 a - a +0 robe (worn)
Scrolls
 d - a scroll of amnesia {unknown}
 e - a scroll of magic mapping {unknown}
 f - a scroll of fear {unknown}
 g - a scroll of identify {unknown}
 i - a scroll of vulnerability {unknown}
Potions
 b - a potion of magic
 c - a potion of mutation
 h - a potion of might {unknown}


   Skills:
 - Level 2.4 Dodging
 - Level 2.4 Stealth
 + Level 4.2 Spellcasting
 * Level 5.7 Conjurations


You had 8 spell levels left.
You knew the following spells:

 Your Spells              Type           Power      Damage    Failure   Level
a - Magic Dart            Conj           100%       1d8       1%          1
b - Searing Ray           Conj           66%        2d6       1%          2

Your spell library contained the following spells:

 Spells                   Type           Power      Damage    Failure   Level
 Dazzling Flash           Conj/Hex       38%        N/A       9%          3
 Fulminant Prism          Conj/Hex       9%         3d7       28%         4
 Iskenderun's Mystic Bla  Conj/Tloc      19%        2d6       28%         4


Dungeon Overview and Level Annotations

Branches:
Dungeon (2/15) Zot: 9046

Altars:

Shops:
D:2 =![(


Innate Abilities, Weirdness & Mutations

You possess an exceptional clarity of mind.
You are robust. (+10% HP)
You have hidden genetic potential.
Your movements are slightly less encumbered by armour. (ER -2)


Message History

Confirm with . or Enter, or press ? or * to list all spells.
Aiming: Magic Dart (safe; 1% risk of failure)
Press: ? - help, Shift-Dir - straight line, f/p - bat
Aim: a bat (moderately wounded, 100% to hit)
The magic dart hits the bat.
You kill the bat!
You now have 10/12 mp.
There is an open door here.
There is an entrance to Tatheism's Distillery here.
MP restored: 12 You open the door.
Key pressed, stopping explore.
Key pressed, stopping explore.
g - a scroll labelled NYNKOM WEUMUNG
There is an entrance to Zutuxkoi's Jewellery Shop here.
You now have 61 gold pieces (gained 17).
You open the door.
There is an open door here.
h - a grey potion You now have 69 gold pieces (gained 8).
i - a scroll labelled MIERASHEPSEPHI You open the door.
There is an open door here.
Found a stone staircase leading down.
You now have 82 gold pieces (gained 13).
There is a stone staircase leading up here.
You open the door.
There is an open door here.
You now have 96 gold pieces (gained 14).
As you open the door, it creaks loudly!
There is an open door here.
You open the door.
There is an open door here.
Found a stone staircase leading up.
There is a stone staircase leading up here.
Done exploring.
Done exploring.
Unknown command.
Unknown command.
Are you sure you want to abandon this character and quit the game? (Confirm with "yes".)

#.##........#.# #.# #.#..###
#.###########.###.#######.......
#.# #................... #.#
#####.########......
#.########## #.# #......
#.#........# #.# #...)..
#.#........######.# #..)###
#.#........+....#.# #...#
#.#........####@#.# #..)#
#.#........#..#.#.# #...#
#.#........#...<#.# #...#
#.#........#....#.# #...#
#.########.#....#.# #...### #.#
#.#....#.# #...... #.######
#.#....#.# #..###. #......#
#∩#....#.# ##..# #.
#......###.#....#.# ###.∩.###'


There were no monsters in sight!

Vanquished Creatures
  4 gnolls (D:2)
  An adder (D:2)
  A worm (D:2)
  A dart slug (D:2)
  2 bats (D:2)
  2 endoplasms (D:2)
  2 goblins (D:2)
  4 hobgoblins (D:2)
  A quokka (D:2)
  3 ball pythons (D:2)
  A kobold (D:2)
  2 rats
24 creatures vanquished.

Notes
Turn   | Place    | Note
-------+----------+-------------------------------------------
     0 | D:1      | Psyclone the Deep Elf Conjurer began the quest for the Orb.
     0 | D:1      | Reached XP level 1. HP: 10/10 MP: 6/6
    80 | D:2      | Found Zutuxkoi's Jewellery Shop.
    83 | D:2      | Reached XP level 2. HP: 15/15 MP: 4/8
   100 | D:2      | Learned a level 2 spell: Searing Ray
   149 | D:2      | Gained mutation: You possess an exceptional clarity of
                  | mind. [potion of mutation]
   149 | D:2      | Gained mutation: Your movements are slightly less
                  | encumbered by armour. (ER -2) [potion of mutation]
   149 | D:2      | Gained mutation: You have hidden genetic potential. [potion
                  | of mutation]
   287 | D:2      | Found Tatheism's Distillery.
   295 | D:2      | Reached skill level 5 in Conjurations
   345 | D:2      | Found Xoolosaxt's Antique Armour Shop.
   438 | D:2      | Reached XP level 3. HP: 19/19 MP: 6/10
   451 | D:2      | Gained mutation: You are robust. (+10% HP) [hidden
                  | potential]
  2305 | D:2      | Reached XP level 4. HP: 26/26 MP: 8/12
  2553 | D:2      | Found Ogoraot's Weapon Shop.
  2954 | D:2      | Quit the game

Illustrated notes

Levels and vault maps discovered:
D:1:      saegor_arrival_simple_c, layout_rooms, serial_shops, shop,
          kennysheep_nondescript, minmay_misc_feat_ornament
D:2:      layout_basic, serial_shops, nicolae_shop_tiny_statue_garden,
          nicolae_shop_scrapyard, shop, shop

Skill      XL: |  1  2  3 |
---------------+----------+-----
Conjurations   | 5 |  5.7
Spellcasting   | 4 |  4.2
Dodging        | |  2.4
Stealth        | |  2.4

Action                     |  1- 3 |  4- 6 || total
---------------------------+-------+-------++-------
   Cast: Magic Dart        |    17 |     4 ||    21
         Searing Ray       |     9 |     2 ||    11
    Use: Potion            |     1 |       ||     1
 Armour: Robe              |     1 |     1 ||     2
  Dodge: Dodged            |     3 |     2 ||     5
